 Dungeon Crawl Stone Soup version 0.29-a0-298-g3c90f9a769 (webtiles) character file.

Game seed: 8405826105709874310

1226 kae the Firebug (level 8, -1/48 HPs)
             Began as a Tengu Fire Elementalist on Mar 22, 2022.
             Slain by an iguana (8 damage)
             ... on level 5 of the Dungeon.
             The game lasted 00:04:37 (7040 turns).

kae the Firebug (Tengu Fire Elementalist)           Turns: 7040, Time: 00:04:38

Health: -1/48      AC:  3    Str:  8    XL:     8   Next: 47%
Magic:  5/15       EV: 14    Int: 19    God:
Gold:   301        SH:  0    Dex: 14    Spells: 6/15 levels left

rFire   . . .      SeeInvis .   j - +4 mace
rCold   . . .      Faith    .   (no shield)
rNeg    + . .      Spirit   .   p - +1 robe {rN+}
rPois   .          Reflect  .   q - +0 hat
rElec   .          Harm     .   (no cloak)
rCorr   .          Rampage  .   (no gloves)
Will    .....                   (boots unavailable)
Stlth   ++........              (no amulet)
HPRegen 0.16/turn               (no ring)
MPRegen 0.14/turn               (no ring)

@: lethally poisoned (-1 -> -4), flying quickly and evasively, quick
A: beak, talons 3, nimble flight
a: no special abilities


You were on level 5 of the Dungeon.
You visited 1 branch of the dungeon, and saw 5 of its levels.
You also visited: Sewer.

You collected 301 gold pieces.

Inventory:

Hand Weapons
 j - a +4 mace (weapon)
Armour
 p - a +1 robe of positive energy (worn)
 q - a +0 hat (worn)
 s - the +1 robe of the Komodo Dragon {+Inv}
   (You found it on level 5 of the Dungeon)

   +Inv:      It lets you turn invisible.
Jewellery
 o - a ring of magical power
Wands
 g - a wand of flame (36)
 r - a wand of iceblast (8)
Scrolls
 a - 2 scrolls of identify
 e - a scroll of amnesia
 f - a scroll of immolation
 t - a scroll of teleportation
Potions
 b - a potion of magic
 c - a potion of lignification
 d - 2 potions of mutation
 h - a potion of brilliance
 i - a potion of berserk rage
 k - a potion of heal wounds {unknown}
 l - a potion of flight {unknown}
 m - a potion of might {unknown}
 n - 2 potions of curing {unknown}


   Skills:
 + Level 4.2 Fighting
 - Level 2.1 Dodging
 - Level 2.0 Stealth
 + Level 4.3 Spellcasting
 + Level 5.8 Conjurations
 * Level 7.6 Fire Magic


You had 6 spell levels left.
You knew the following spells:

 Your Spells              Type           Power      Damage    Failure   Level
a - Foxfire               Conj/Fire      100%       2x1d9     1%          1
b - Scorch                Fire           66%        2d8       1%          2
c - Conjure Flame         Conj/Fire      29%        6-21      2%          3
d - Inner Flame           Hex/Fire       18%        N/A       9%          3

Your spell library contained the following spells:

 Spells                   Type           Power      Damage    Failure   Level
 Magic Dart               Conj           100%       1d8       1%          1
 Flame Wave               Conj/Fire      29%        2d8       9%          4
 Stone Arrow              Conj/Erth      30%        3d8       12%         3
 Animate Skeleton         Necr           8%         N/A       13%         1
 Pain                     Necr           16%        1d4       13%         1
 Sandblast                Erth           8%         2d5       13%         1
 Mephitic Cloud           Conj/Pois/Air  11%        N/A       19%         3
 Call Imp                 Summ           4%         N/A       21%         2
 Ensorcelled Hibernation  Hex/Ice        8%         N/A       21%         2
 Passwall                 Tmut/Erth      3%         N/A       21%         2
 Confusing Touch          Hex            4%         N/A       36%         3
 Gell's Gravitas          Tloc           4%         N/A       36%         3
 Lesser Beckoning         Tloc           4%         N/A       36%         3
 Swiftness                Air            4%         N/A       36%         3
 Teleport Other           Tloc           4%         N/A       36%         3
 Vampiric Draining        Necr           4%         2d6       36%         3
 Yara's Violent Unravell  Hex/Tmut       2%         3d3       98%         5
 Enfeeble                 Hex            2%         N/A       100%        7


Dungeon Overview and Level Annotations

Branches:
Dungeon (5/15)              Sewer (visited)
 Temple: D:4-7

Altars:
Fedhas
Qazlal
Wu Jian
Yredelemnul

Annotations:
D:2 1 runed translucent door, Crazy Yiuf, Natasha
D:4 1 runed translucent door


Innate Abilities, Weirdness & Mutations

You have a beak for a mouth.
You have claws for feet.
Your magical nature lets you fly swiftly and evasively.


Message History

The water moccasin is severely wounded.
The water moccasin's fire resistance burns away.
An iguana comes into view.
The water moccasin bites you. The water moccasin barely misses you.
Casting: Scorch (safe; 1% risk of failure)
Confirm with . or Enter, or press ? or * to list all spells.
Flames lash the hound.
The hound barks!
The hound is almost dead.
The hound's fire resistance burns away.
The water moccasin bites you but does no damage.
The water moccasin bites you.
You are poisoned.
The water moccasin poisons you! The hound bites you but does no damage.
The water moccasin bites you.
Casting: Scorch (safe; 1% risk of failure)
Confirm with . or Enter, or press ? or * to list all spells.
Flames lash the hound.
The hound is burned terribly!
You kill the hound!
You feel very sick. The water moccasin bites you!
You feel very sick. The water moccasin closely misses you.
Casting: Scorch (safe; 1% risk of failure)
Confirm with . or Enter, or press ? or * to list all spells.
Flames lash the water moccasin.
The water moccasin is burned terribly!
You kill the water moccasin!
You feel sick.
You hear a shout!
You feel sick. The iguana bites you!
* * * LOW HITPOINT WARNING * * *
Casting: Scorch (safe; 1% risk of failure)
Confirm with . or Enter, or press ? or * to list all spells.
Flames lash the iguana.
The iguana is severely wounded.
The iguana's fire resistance burns away.
You feel sick. The iguana bites you.
* * * LOW HITPOINT WARNING * * *
You feel sick. The iguana bites you!
You die...

#########...... #......
#####......
########..........
######........#########
..............# #
..###...##...#
#.#.###..# #@..###†.#
#..l###.....# #.#.
#.#...# #. .# #.....#
.. .# .s###..# .. .#
#.#h #..# # .# . ..
#..# ## .# ...# # ...#


You could see an iguana (combustible).

Vanquished Creatures
  3 water moccasins
  2 ogres (D:5)
  A phantom (D:4)
  A scorpion (D:5)
  A gnoll shaman (D:4)
  2 hounds
  2 orc priests
  Jessica (D:3)
  Terence (D:2)
  3 iguanas
  4 orc wizards
  An adder (D:5)
  8 gnolls
  A shadow imp (D:5)
  A white imp (D:5)
  An ufetubus (D:5)
  6 worms
  8 dart slugs
  7 orcs (D:4)
  5 ball pythons
  5 endoplasms
  A giant cockroach (D:2)
  5 goblins
  9 hobgoblins
  6 jackals
  6 kobolds
  7 quokkas
  6 bats
  A frilled lizard (D:1)
  A jackal skeleton (D:4)
  A kobold skeleton (D:4)
  A kobold zombie (D:4)
  25 rats
133 creatures vanquished.

Vanquished Creatures (others)
  357 foxfires
357 creatures vanquished.

Grand Total: 490 creatures vanquished

Notes
Turn   | Place    | Note
-------+----------+-------------------------------------------
     0 | D:1      | kae the Tengu Fire Elementalist began the quest for the
                  | Orb.
     0 | D:1      | Reached XP level 1. HP: 10/10 MP: 4/4
   364 | D:1      | Reached XP level 2. HP: 16/16 MP: 4/6
   814 | D:1      | Reached XP level 3. HP: 20/20 MP: 4/7
   815 | D:1      | Reached skill level 1 in Fighting
   877 | D:1      | Learned a level 2 spell: Scorch
   881 | D:1      | Learned a level 3 spell: Conjure Flame
  1344 | D:1      | Reached skill level 4 in Fire Magic
  1432 | D:1      | Found a faded altar of an unknown god.
  1779 | D:2      | Noticed Natasha
  1931 | D:2      | Noticed Terence
  1940 | D:2      | Killed Terence
  1941 | D:2      | Reached XP level 4. HP: 25/25 MP: 0/8
  2142 | D:2      | Found a runed translucent door.
  2143 | D:2      | Noticed Crazy Yiuf
  3041 | D:3      | Noticed Jessica
  3045 | D:3      | Killed Jessica
  3046 | D:3      | Gained mutation: Your magical nature lets you fly swiftly
                  | and evasively. [Tengu growth]
  3046 | D:3      | Reached XP level 5. HP: 30/30 MP: 2/10
  3294 | D:3      | Found a glowing drain.
  3351 | Sewer    | Entered a sewer
  3429 | Sewer    | Noticed a water moccasin
  3435 | Sewer    | Killed a water moccasin
  3436 | Sewer    | Reached skill level 5 in Fire Magic
  3436 | Sewer    | Reached XP level 6. HP: 36/36 MP: 7/11
  3538 | D:3      | Learned a level 3 spell: Inner Flame
  4754 | D:4      | Noticed a water moccasin
  4763 | D:4      | Killed a water moccasin
  4764 | D:4      | Reached XP level 7. HP: 24/40 MP: 4/13
  4992 | D:4      | Reached skill level 6 in Fire Magic
  5690 | D:4      | Found a runed translucent door.
  5690 | D:4      | Noticed a human
  5697 | D:4      | Reached skill level 5 in Conjurations
  5765 | D:4      | Found a basalt altar of Yredelemnul.
  6069 | D:4      | Found a blossoming altar of Fedhas.
  6094 | D:4      | Found an ornate altar of the Wu Jian Council.
  6230 | D:5      | Entered Level 5 of the Dungeon
  6455 | D:5      | Reached XP level 8. HP: 42/47 MP: 11/14
  6538 | D:5      | Identified the +1 robe of the Komodo Dragon {+Inv}
  6544 | D:5      | Reached skill level 7 in Fire Magic
  6729 | D:5      | Found a stormy altar of Qazlal.
  7040 | D:5      | Slain by an iguana

Illustrated notes

Levels and vault maps discovered:
D:1:      lightli_arrival_lavapool, layout_basic,
          dreamdust_ecumenical_altar_angels_and_demons, hex_medium,
          serial_bayou_pond_c, minmay_cut_off
D:2:      layout_rooms, minmay_rat_hole, uniq_natasha, uniq_crazy_yiuf_cottage,
          uniq_terence
D:3:      layout_loops_ring, cheibrodos_sewer_entry_bend, uniq_jessica
D:4:      layout_basic, mainiacjoe_overflow_two_lobes, dk_yredelemnul_ordeal
D:5:      layout_basic, nicolae_qazlal_general_emergency, serial_park_tiny_1,
          chequers_serial_rivers_micro_a, minmay_starry_boxes

Skill      XL: |  1  2  3  4  5  6  7  8 |
---------------+-------------------------+-----
Conjurations   | 2 3 4 5 |  5.8
Fighting       | 1 2 3 4 |  4.2
Fire Magic     | 4 5 6 7 |  7.6
Spellcasting   | 3 4 |  4.3
Dodging        | |  2.1
Stealth        | |  2.0

Action                   |  1- 3 |  4- 6 |  7- 9 || total
-------------------------+-------+-------+-------++-------
Melee: Unarmed           |     7 |       |       ||     7
       Short sword       |     2 |       |       ||     2
       Peck              |     1 |       |     1 ||     2
       Kick              |     1 |       |       ||     1
       Mace              |       |     3 |     2 ||     5
 Cast: Foxfire           |    78 |    60 |    65 ||   203
       Scorch            |     8 |    27 |    36 ||    71
  Use: Scroll            |     5 |     5 |     1 ||    11
Armor: Robe              |     5 |     5 |     7 ||    17
Dodge: Dodged            |    15 |    53 |    23 ||    91

Table legend: (Time is in decaauts)
 A = Elapsed time spent in this place.
 B = Non-inter-level travel time spent in this place.
 C = Inter-level travel time spent in this place.
 D = Time resting spent in this place.
 E = Time spent auto-exploring this place.
 F = Levels seen in this place.
 G = Mean time per level.
                   A        B        C        D        E       F      G
               +--------+--------+--------+--------+--------+-----+--------+
         Total |   6924 |   6768 |    156 |   1360 |   4368 |   6 | 1154.0 |
       Dungeon |   6753 |   6597 |    156 |   1360 |   4236 |   5 | 1350.6 |
         Sewer |    170 |    170 |      0 |      0 |    131 |   1 |  170.0 |
               +--------+--------+--------+--------+--------+-----+--------+

Top non-repeatable levels by time:
     D:3: 2058 daAuts
     D:1: 1534 daAuts
     D:4: 1308 daAuts
     D:2: 1147 daAuts
     D:5: 704 daAuts
   Sewer: 170 daAuts
